 Dungeon Crawl Stone Soup version 0.19.5 (console) character file.

6179 lanroth the Cleaver (level 10, 0/90 HPs)
             Began as a Hill Orc Fighter on Mar 13, 2017.
             Was a Believer of Okawaru.
             Slain by a killer bee (7 damage)
             ... on level 10 of the Dungeon on Mar 15, 2017.
             The game lasted 01:00:40 (10181 turns).

lanroth the Cleaver (Hill Orc Fighter)             Turns: 10181, Time: 01:00:41

Health: 0/90       AC: 14    Str: 20    XL:     10   Next: 91%
Magic:  11/11      EV:  9    Int:  8    God:    Okawaru [**....]
Gold:   323        SH: 10    Dex: 13    Spells: 0 memorised, 9 levels left

rFire  . . .     SeeInvis .     L - +7 trident (freeze)
rCold  . . .     Gourm    .     I - +3 leather armour
rNeg   . . .     Faith    .     c - +0 shield
rPois  .         Spirit   .     (no helmet)
rElec  .         Reflect  .     e - +0 cloak
rCorr  .         Harm     .     S - +2 pair of gloves of Honesty {-Tele +Fly MR+ Regen+}
MR     +....     NoTele   +     C - +1 pair of boots
Stlth  +.........               (no amulet)
                                u - ring of teleportation (curse)
                                s - +2 ring of slaying

@: lethally poisoned (0 -> -1), invisible
A: high mp 1
a: Heroism, Renounce Religion, Evoke Flight


You were on level 10 of the Dungeon.
You worshipped Okawaru.
Okawaru was pleased with you.
You were not hungry.

You visited 3 branches of the dungeon, and saw 12 of its levels.
You also visited: Ossuary.

You collected 876 gold pieces.
You spent 553 gold pieces at shops.

Inventory:

Hand Weapons
 L - a +7 trident of freezing (weapon)
 M - a +2 short sword of draining
 U - a +2 battleaxe
Missiles
 K - 2 javelins (quivered)
 Z - 189 stones
Armour
 c - a +0 shield (worn)
 e - a +0 cloak (worn)
 C - a +1 pair of boots (worn)
 F - a +0 plate armour
 I - a +3 leather armour (worn)
 S - the +2 pair of gloves of Honesty (worn) {-Tele +Fly MR+ Regen+}
   (You bought it in a shop on level 5 of the Dungeon)

   It affects your resistance to hostile enchantments.
   It lets you fly.
   It prevents most forms of teleportation.
   It increases your rate of regeneration.
Jewellery
 p - an uncursed ring of protection from cold
 s - a +2 ring of slaying (left hand)
 t - an uncursed ring of flight
 u - a cursed ring of teleportation (right hand)
 w - an uncursed ring of protection from fire
 x - an uncursed ring of stealth
Wands
 i - a wand of confusion (20/48)
 k - a wand of iceblast (12/15)
 o - a wand of lightning (6/15)
 A - a wand of paralysis (13/24)
 P - a wand of slowing (23/48)
Scrolls
 g - 4 scrolls of teleportation
 j - 3 scrolls of identify
 l - 6 scrolls of remove curse
 v - 3 scrolls of amnesia
 y - 3 scrolls of random uselessness
 z - 2 scrolls of fear
 D - a scroll of fog
 H - a scroll of blinking
Potions
 a - a potion of ambrosia
 b - 3 potions of brilliance
 d - 2 potions of might
 n - a potion of agility
 q - 2 potions of flight
 B - 2 potions of haste
 E - 2 potions of resistance
 N - a potion of magic
Comestibles
 r - 5 chunks of flesh
 G - 4 meat rations
 J - 9 slices of pizza
 Q - 7 bread rations


   Skills:
 + Level 8.9 Fighting
 + Level 3.5 Short Blades
 + Level 12.2(12.8) Axes
   Level 4.6(8.2) Maces & Flails
 + Level 2.5(7.1) Polearms
 + Level 4.0 Throwing
 + Level 8.1 Armour
 + Level 1.0 Dodging
 + Level 0.3 Stealth
 + Level 5.4 Shields


You had 9 spell levels left.
You didn't know any spells.

Dungeon Overview and Level Annotations

Branches:
Dungeon (10/15)            Temple (1/1) D:6            Lair (1/6) D:8
    Orc: D:9-12

Altars:
Ashenzari
Elyvilon
Gozag
Kikubaaqudgha
Makhleb
Nemelex Xobeh
Okawaru
Ru
Trog
Uskayaw
Yredelemnul
Zin
The Shining One

Shops:
D:5 *   D:6 !   D:9 [[

Annotations:
D:1 some loot behind wall
D:9 good shield and cloak in shop, other good armour in other shop
D:10 Snorg


Innate Abilities, Weirdness & Mutations

You have an increased reservoir of magic. (+10% MP)


Message History

The killer bee is almost dead.
You feel sick. The killer bee completely misses you.
You block the killer bee's attack.
Snorg goes berserk!
A killer bee comes into view.
You feel sick.
The killer bee buzzes angrily.
The killer bee stings you. Snorg bites you! Snorg claws you!
Snorg barely misses you.
You feel sick.
The killer bee stings you but does no damage.
You feel sick. The killer bee stings you!
You feel sick.
Snorg rages.
The killer bee barely misses you. Snorg bites you!
* * * LOW HITPOINT WARNING * * *
Snorg claws you but does no damage. Snorg barely misses you.
You cannot teleport because you are wearing the +2 pair of gloves of Honesty {-Tele +Fly MR+ Regen+}.
You fade into invisibility!
You block the killer bee's attack. The killer bee closely misses you.
Snorg bites you!
* * * LOW HITPOINT WARNING * * *
Snorg barely misses you. You block Snorg's attack.
The killer bee barely misses you. The killer bee stings you!
You die...

####### #.....# #.....# #.....#
#.....# #.....# . #.....# .. #.....#
##########.. #.....#####.........#
... #.........#.........# #..
.#.........#.........# #..
.#.........#.........# #.#
#.#.........#.........#
#.##########.#.........'.........+
####............##........#.........#
#................#........#<.......##
#................#........#..##....#
#.......#####....#........#..##....+
#.###...# ##....#........#..##....#
#(# #...# ##.....'........#..# ....#
#.# #...###......##########... ...#
#.###...÷....._..######## ....
#..............).#......# .....
......######.....#......#
####..#..........)......#
#..#.........#.......#
#..#.........#.......# #.
#.........#.......#
#.........#.......#
#.........#.......#
#.........#.......#
#######...###.....#
....##...###...@.# ..............Tyy#
.................# .................#
.................# ...............†.#
################'# .... ..### ...#
..(# ....# (.


You could see Snorg (berserk) and 2 killer bees.

Vanquished Creatures
  The ghost of Shoikan the Basher, a novice MiBe of Trog (D:6)
  A black mamba (Lair:1)
  A troll (D:9)
  A hornet (D:8)
  A wyvern (D:10)
  A human (D:9)
  5 yaks
  A hungry ghost (D:7)
  2 water moccasins
  An ice beast (D:6)
  A hornet zombie (D:9)
  2 phantoms
  A sky beast (D:7)
  2 orc warriors
  A necrophage (D:9)
  4 ogres
  2 centaurs
  A crocodile (D:8)
  2 big kobolds
  A gnoll sergeant (D:9)
  3 bullfrogs
  2 scorpions
  3 wights
  9 killer bees
  2 howler monkeys (D:9)
  2 crimson imps (D:6)
  A quasit (D:5)
  3 jellies
  2 orc priests
  2 centaur skeletons
  3 hounds
  A bullfrog skeleton (D:7)
  3 iguanas
  8 orc wizards
  5 worker ants
  A killer bee zombie (D:8)
  8 mummies (Ossuary)
  A worker ant zombie (D:5)
  5 gnolls (D:9)
  3 river rats (D:8)
  7 adders
  2 shadow imps
  An ooze (D:5)
  An adder skeleton (D:6)
  A worm (D:2)
  2 dart slugs
  5 leopard geckos
  20 orcs
  18 bats
  5 giant cockroaches
  A gnoll zombie (Ossuary)
  6 goblins
  8 hobgoblins
  8 jackals
  A quokka (D:3)
  2 frilled lizards
  2 hobgoblin zombies (Ossuary)
  17 kobolds
  4 kobold zombies (Ossuary)
  A leopard gecko skeleton (D:4)
  An orc zombie (Ossuary)
  15 rats
  4 fungi (D:8)
231 creatures vanquished.

Vanquished Creatures (others)
  A fungus (D:8)
1 creature vanquished.

Grand Total: 232 creatures vanquished

Notes
Turn   | Place    | Note
-------+----------+-------------------------------------------
     0 | D:1      | lanroth the Hill Orc Fighter began the quest for the Orb.
     0 | D:1      | Reached XP level 1. HP: 19/19 MP: 1/1
   189 | D:1      | Reached XP level 2. HP: 27/27 MP: 2/2
  1410 | D:2      | Reached XP level 3. HP: 32/33 MP: 3/3
  1751 | D:2      | Reached XP level 4. HP: 35/40 MP: 4/4
  2530 | D:3      | Noticed a centaur
  2538 | D:3      | Killed a centaur
  2538 | D:3      | Reached XP level 5. HP: 38/47 MP: 5/5
  2642 | D:4      | Found a sand-covered staircase.
  2650 | Ossuary  | Entered an ossuary
  2899 | Ossuary  | Reached XP level 6. HP: 37/55 MP: 6/6
  3199 | Ossuary  | Reached skill level 1 in Throwing
  3389 | D:4      | Reached skill level 5 in Fighting
  4264 | D:5      | Entered Level 5 of the Dungeon
  4360 | D:5      | Found Jyask's Assorted Antiques.
  4536 | D:5      | Reached skill level 1 in Short Blades
  4536 | D:5      | Reached XP level 7. HP: 57/61 MP: 7/7
  4552 | D:5      | Bought a scroll labeled EZUXZU DOSOES for 26 gold pieces
  4552 | D:5      | Bought a pair of scorched gloves for 247 gold pieces
  4557 | D:5      | Identified the +2 pair of gloves of Honesty {-Tele +Fly MR+ Regen+} (You bought it in a shop on level 5 of the Dungeon)
  4835 | D:6      | Reached skill level 5 in Shields
  4883 | D:6      | Found a staircase to the Ecumenical Temple.
  4930 | D:6      | Reached skill level 5 in Armour
  5185 | D:6      | Reached skill level 1 in Axes
  5185 | D:6      | Reached XP level 8. HP: 66/69 MP: 8/8
  5232 | D:6      | Reached skill level 2 in Axes
  5260 | D:6      | Reached skill level 3 in Axes
  5388 | D:6      | Noticed Shoikan's ghost (novice MiBe)
  5420 | D:6      | Reached skill level 4 in Axes
  5721 | D:6      | Killed Shoikan's ghost
  5721 | D:6      | Reached skill level 6 in Axes
  5721 | D:6      | Reached XP level 9. HP: 70/78 MP: 9/9
  5856 | D:6      | Found Ceiv's Distillery.
  5870 | D:6      | Bought a potion of haste for 140 gold pieces
  5870 | D:6      | Bought a potion of resistance for 140 gold pieces
  6032 | D:6      | Reached skill level 7 in Axes
  6284 | Temple   | Entered the Ecumenical Temple
  6375 | Temple   | Became a worshipper of Warmaster Okawaru
  6471 | D:7      | Gained mutation: You are agile. (Dex +2) [potion of beneficial mutation]
  6472 | D:7      | Gained mutation: You have sharp fingernails. [potion of mutation]
  6472 | D:7      | Gained mutation: You have an increased reservoir of magic. (+10% MP) [potion of mutation]
  6474 | D:7      | Lost mutation: You have sharp fingernails. [potion of cure mutation]
  6474 | D:7      | Lost mutation: You are agile. (Dex +2) [potion of cure mutation]
  6879 | D:7      | Reached skill level 8 in Axes
  7708 | D:8      | Reached skill level 9 in Axes
  7750 | D:8      | Reached * piety under Okawaru
  8043 | D:8      | Found a staircase to the Lair.
  8045 | D:8      | Reached skill level 10 in Axes
  8045 | D:8      | Reached XP level 10. HP: 86/86 MP: 11/11
  8662 | Lair:1   | Entered Level 1 of the Lair of Beasts
  8794 | Lair:1   | Noticed a black mamba
  8806 | Lair:1   | HP: 2/88 [black mamba (13)]
  8810 | Lair:1   | Killed a black mamba
  8810 | Lair:1   | Reached skill level 11 in Axes
  9248 | D:9      | Reached ** piety under Okawaru
  9397 | D:9      | Found Ruxoetaf's Armour Emporium.
  9606 | D:9      | Reached skill level 12 in Axes
  9606 | D:9      | Reached skill level 1 in Polearms
  9628 | D:9      | Found Ezapyije's Antique Armour Shop.
  9715 | D:9      | Reached skill level 1 in Dodging
  9989 | D:10     | Entered Level 10 of the Dungeon
 10036 | D:10     | Found a white marble altar of Elyvilon.
 10168 | D:10     | Noticed Snorg
 10181 | D:10     | Slain by a killer bee

Skill      XL: |  1  2  3  4  5  6  7  8  9 10 |
---------------+-------------------------------+-----
Fighting       | 4 5 6 7 8 |  8.9
Armour         | 4 5 6 7 8 |  8.1
Shields        | 4 5 |  5.4
Maces & Flails | 3 4 |  4.6
Throwing       | 1 2 3 4 |  4.0
Short Blades   | 1 3 |  3.5
Axes           | 1 6 10 12 | 12.2
Polearms       | 2 |  2.5
Dodging        | 1 |  1.0
Stealth        | |  0.3

Action                   |  1- 3 |  4- 6 |  7- 9 | 10-12 || total
-------------------------+-------+-------+-------+-------++-------
Melee: Flail             |   127 |   187 |       |       ||   314
       Short sword       |       |    78 |    79 |       ||   157
       Battleaxe         |       |       |   283 |   132 ||   415
       Trident           |       |       |       |    53 ||    53
Throw: Stone             |     5 |    66 |    83 |    19 ||   173
       Javelin           |       |       |    23 |    27 ||    50
       Tomahawk          |       |       |       |     9 ||     9
  Use: Scroll            |       |     9 |     9 |     5 ||    23
       Potion            |       |     6 |     6 |     6 ||    18
  Eat: Chunk             |     3 |     2 |     6 |     3 ||    14
       Bread ration      |       |     2 |       |     1 ||     3
       Fruit             |       |       |     4 |       ||     4
       Meat ration       |       |       |     1 |       ||     1
       Pizza             |       |       |     1 |       ||     1
Armor: Scale mail        |    12 |       |       |       ||    12
       Plate armour      |    95 |   198 |   255 |   134 ||   682
       Leather armour    |       |       |       |    24 ||    24
Dodge: Dodged            |    27 |    40 |   102 |    93 ||   262
Block: Shield            |    85 |   155 |    29 |    23 ||   292
